 Dungeon Crawl Stone Soup version 0.31-a0-743-g45f7035092 (webtiles) character file.

Game seed: 17741364878993771373

95 cforsyth the Trooper (level 4, -2/40 HPs)
             Began as a Djinni Chaos Knight on Sept 12, 2023.
             Was a Plaything of Xom.
             Frozen to death by an endoplasm (6 damage)
             ... on level 3 of the Dungeon.
             The game lasted 00:02:14 (1423 turns).

cforsyth the Trooper (Djinni Chaos Knight)          Turns: 1423, Time: 00:02:15

Health: -2/40      AC:  6    Str: 11    XL:     4   Next: 95%
Gold:   71         EV: 13    Int: 16    God:    Xom [..*...] SH:  0 Dex: 12

rFire   + + .        a - +0 falchion (chaos)
rCold   x . .        (no shield)
rNeg    . . .        b - +2 leather armour
rPois   ∞            k - +0 helmet
rElec   .            (no cloak)
rCorr   .            (no gloves)
SInv    +            (boots unavailable)
Will    .....        (no amulet)
Stlth   +            c - ring of see invisible
HPRegen 0.26/turn    (no ring)
MPRegen 0.00/turn

%: infuse magic (-3 HP)
@: flying
A: sickness immunity, fire resistance 2, cold vulnerability 1, float, innate
caster, HP casting, extra vitality 1
a: Renounce Religion


You were on level 3 of the Dungeon.
You worshipped Xom.
You were a toy of Xom.
You visited 1 branch of the dungeon, and saw 3 of its levels.

You collected 71 gold pieces.

Inventory:

Hand Weapons
 a - a +0 falchion of chaos (weapon)
Armour
 b - a +2 leather armour (worn)
 k - a +0 helmet (worn)
Jewellery
 c - a ring of see invisible (left hand)
Potions
 d - a potion of curing {unknown}
 e - a potion of invisibility {unknown}
 f - 2 potions of might
 g - a potion of attraction {unknown}
 j - a potion of lignification {unknown}


   Skills:
 + Level 6.6 Fighting
 - Level 2.6 Long Blades
 - Level 1.0 Armour
 - Level 6.3 Dodging
 + Level 3.6 Spellcasting
 + Level 3.6 Conjurations
 + Level 3.6 Hexes
   Level 0.0 Charms
 + Level 3.6 Summonings
 + Level 3.6 Necromancy
 + Level 3.6 Translocations
 + Level 3.6 Transmutations
 + Level 3.6 Fire Magic
 + Level 3.6 Ice Magic
 + Level 3.6 Air Magic
 + Level 3.6 Earth Magic
 + Level 3.6 Poison Magic


You knew the following spells:

 Your Spells              Type           Power      Damage    Failure   Level
a - Apportation           Tloc           28%        N/A       5%          1
Your spell library was empty.

Dungeon Overview and Level Annotations

Branches:
Dungeon (3/15)

Altars:


Innate Abilities, Weirdness & Mutations

You are immune to sickness and miasma.
You are immune to poison.
Your flesh is very heat resistant. (rF++)
You are vulnerable to cold. (rC-)
You float through the air rather than walking.
You learn spells naturally, not from books.
Your magical power is your life essence.
You have superior vitality. (+4 MHP)


Message History

You hit the frilled lizard.
You kill the frilled lizard!
The kobold hits you but does no damage.
The orc priest hits you but does no damage.
The kobold hits you but does no damage. The quokka misses you.
The kobold hits you with a +0 whip. The endoplasm freezes you.
You are frozen!
You feel a terrible chill! The kobold hits you but does no damage.
The orc priest completely misses you. The quokka completely misses you.
You barely miss the endoplasm. The quokka completely misses you.
The kobold barely misses you. The endoplasm hits you.
The orc priest completely misses you. The kobold closely misses you.
You hit the endoplasm.
The endoplasm is moderately wounded.
The quokka closely misses you. The kobold hits you with a +0 whip.
The endoplasm freezes you.
You are frozen.
You feel a terrible chill!
Xom roars with laughter!
The orc priest closely misses you. The kobold hits you but does no damage.
You are too injured to fight recklessly!
You are too injured to fight recklessly!
As you read the scroll labelled LIONA ECAHIS, it crumbles to dust.
It is a scroll of amnesia.
You feel forgetful for a moment. The quokka bites you.
* * * LOW HITPOINT WARNING * * *
The kobold hits you with a +0 whip.
* * * LOW HITPOINT WARNING * * *
The endoplasm hits you but does no damage.
The orc priest hits you from afar with a +0 trident.
* * * LOW HITPOINT WARNING * * *
The kobold barely misses you. The quokka closely misses you.
As you read the scroll labelled TEJ ZEBRAGULAO, it crumbles to dust.
It is a scroll of identify.
f - 2 potions of might The kobold barely misses you.
The endoplasm freezes you.
You are frozen.
You feel a terrible chill!
You die...
Xom chuckles heartily!

#.# .. . .. ..
.#... .....# #
###..#..#
#####o##K....[..
......J@K......#
##....r##.##....
##.#.# #.# #..
.. ## ..[ . .
.### #


You could see an orc priest, an endoplasm, a quokka and 2 kobolds.

Vanquished Creatures
  4 adders (D:2)
  2 dart slugs (D:1)
  An orc (D:2)
  3 ball pythons
  3 bats (D:2)
  2 endoplasms (D:2)
  A giant cockroach (D:1)
  2 goblins
  5 hobgoblins
  A quokka (D:2)
  7 frilled lizards
  3 rats
34 creatures vanquished.

Notes
Turn   | Place    | Note
-------+----------+-------------------------------------------
     0 | D:1      | cforsyth the Djinni Chaos Knight began the quest for the
                  | Orb.
     0 | D:1      | Reached XP level 1. HP: 20/20 MP: 0/0
   240 | D:1      | Reached XP level 2. HP: 25/25 MP: 0/0
   281 | D:1      | XOM: potion effect (invisibility)
   312 | D:1      | a hobgoblin changed into a shapeshifter
   312 | D:1      | Noticed a shapeshifter (shapeshifter)
   312 | D:1      | a shapeshifter changed into a snapping turtle
   312 | D:1      | Noticed a snapping turtle (shapeshifter)
   316 | D:1      | XOM: potion effect (experience)
   316 | D:1      | Reached XP level 3. HP: 4/35 MP: 0/0
   316 | D:1      | Learned a level 1 spell: Apportation
   745 | D:2      | XOM: silly message
   778 | D:2      | Reached XP level 4. HP: 40/40 MP: 0/0
  1152 | D:2      | XOM: 3-stop teleportation journey
  1423 | D:3      | Frozen to death by an endoplasm

Illustrated notes

Levels and vault maps discovered:
D:1:      dpeg_arrival_ternary, layout_basic, minmay_tall_x
D:2:      layout_basic, nicolae_twisty_statue_hallways
D:3:      kennysheep_goblin_castle, layout_basic, minmay_ruptured

Skill      XL: |  1  2 |
---------------+-------+-----
Fighting       | 6 |  6.6
Dodging        | 6 |  6.3
Spellcasting   | 3 |  3.6
Conjurations   | 3 |  3.6
Hexes          | 3 |  3.6
Summonings     | 3 |  3.6
Necromancy     | 3 |  3.6
Translocations | 3 |  3.6
Transmutations | 3 |  3.6
Fire Magic     | 3 |  3.6
Ice Magic      | 3 |  3.6
Air Magic      | 3 |  3.6
Earth Magic    | 3 |  3.6
Poison Magic   | 3 |  3.6
Long Blades    | |  2.6
Armour         | |  1.0

Action                     |  1- 3 |  4- 6 || total
---------------------------+-------+-------++-------
  Melee: Falchion          |    57 |    73 ||   130
         Punch             |     1 |     2 ||     3
    Use: Scroll            |     1 |     2 ||     3
   Stab: Invisible         |     3 |       ||     3
 Armour: Leather armour    |    25 |    58 ||    83
  Dodge: Dodged            |    29 |    80 ||   109

Table legend: (Time is in decaauts)
 A = Elapsed time spent in this place.
 B = Non-inter-level travel time spent in this place.
 C = Inter-level travel time spent in this place.
 D = Time resting spent in this place.
 E = Time spent auto-exploring this place.
 F = Levels seen in this place.
 G = Mean time per level.
                   A        B        C        D        E       F      G
               +--------+--------+--------+--------+--------+-----+--------+
         Total |   1444 |   1367 |     77 |      0 |    991 |   3 |  481.3 |
       Dungeon |   1444 |   1367 |     77 |      0 |    991 |   3 |  481.3 |
               +--------+--------+--------+--------+--------+-----+--------+

Top non-repeatable levels by time:
     D:2: 988 daAuts
     D:1: 442 daAuts
     D:3: 14 daAuts
